Map: Catallena LE (Void)

Players

Pokebunny

  • Race: Terran Terran
  • Spawn Location: 9:00

Drunkenboi - Winner!

  • Race: Terran Terran
  • Spawn Location: 5:00

Event: WCS Montreal 2017

VOD

Have the link to the VOD?

Description

Time

  • Played on: Sept. 8, 2017, 3:38 p.m.
  • Length: 8:41

All games in this series

Show
View Real Time Build Order
Export as new Build Order

Pokebunny Terran 

Build Orders: 1/1/1, MMM Bio 

Get SALT Encoding   

  12  0:01  SCV  
  13  0:13  SCV  
  14  0:18  Supply Depot  
  14  0:25  SCV  
  15  0:30  Refinery  
  15  0:39  SCV  
  16  0:45  Barracks  
  16  0:51  SCV  
  17  1:01  Refinery  
  17  1:04  SCV  
  18  1:16  SCV  
  19  1:33  Orbital Command, Reaper  
  19  1:38  Factory  
  20  1:48  Supply Depot  
  20  1:58  SCV  
  21  2:05  Reaper  
  22  2:10  SCV  
  23  2:23  Starport, SCV, Hellion  
  26  2:32  Supply Depot  
  26  2:35  SCV  
  27  2:38  Reaper  
  28  2:44  Hellion  
  30  2:53  SCV  
  31  3:01  Medivac  
  33  3:07  SCV  
  34  3:17  Command Center  
  34  3:24  SCV  
  34  3:25  Supply Depot  
  34  3:26  Barracks Tech Lab  
  35  3:30  Factory Reactor  
  35  3:36  SCV  
  35  3:48  SCV  
  35  3:50  Raven  
  38  4:01  SCV  
  38  4:15  SCV  
  36  4:18  Factory Tech Lab  
  36  4:20  Marine x2, Refinery  
  38  4:27  SCV  
  39  4:38  Siege Tank  
  43  4:42  Barracks  
  43  4:44  Barracks  
  43  4:45  SCV  
  42  4:49  Starport Reactor  
  42  4:58  Orbital Command  
  42  4:59  SCV  
  41  5:00  Marine  
  41  5:01  Stimpack  
  42  5:10  Siege Tank  
  42  5:12  SCV  
  46  5:21  Engineering Bay  
  46  5:22  Marine  
  46  5:24  SCV  
  48  5:31  Marine  
  48  5:32  Marine, Barracks Reactor  
  48  5:34  Medivac x2  
  48  5:35  SCV  
  54  5:42  Siege Tank  
  57  5:47  Marine  
  58  5:51  Terran Infantry Weapons Level 1  
  58  5:52  Supply Depot, SCV x2  
  60  6:04  SCV x2  
  62  6:13  Marine x5  
  62  6:18  Barracks, SCV  
  68  6:19  Barracks, SCV  
  69  6:32  Marine x2  
  69  6:34  Marine  
  69  6:36  Marine  
  69  6:40  Siege Tank, Marine  
  66  6:50  Marine x2  
  66  6:51  Marine  
  67  6:54  Marine  
  67  6:56  Orbital Command  
  67  6:58  Marine  
  69  7:08  Marine  
  66  7:17  SCV  
  66  7:19  Barracks Reactor x2  
  66  7:21  Combat Shields  
  65  7:28  Siege Tank  
  68  7:30  SCV x2  
  70  7:46  Supply Depot  
  70  7:50  Supply Depot  
  70  8:04  Supply Depot  
  70  8:07  Marine x3  
  70  8:08  Medivac, Siege Tank  
  70  8:12  Marine  
  78  8:28  SCV x2  
Show
View Real Time Build Order
Export as new Build Order

Drunkenboi Terran - Winner!

Build Orders: Cyclone Opening, Gas First Reaper Expand, Reaper Expand, MMM Bio 

Get SALT Encoding   

  12  0:02  SCV  
  13  0:14  SCV  
  13  0:17  Supply Depot  
  14  0:26  SCV  
  14  0:28  Refinery  
  15  0:39  SCV  
  16  0:44  Barracks  
  16  0:51  SCV  
  17  1:03  SCV  
  18  1:15  SCV  
  19  1:31  Orbital Command  
  19  1:32  Reaper  
  20  1:46  Command Center  
  20  1:57  Factory  
  20  2:01  SCV  
  20  2:06  Reaper  
  22  2:12  Supply Depot  
  22  2:14  SCV  
  22  2:20  Refinery  
  22  2:26  SCV  
  23  2:39  Marine, SCV  
  23  2:43  Cyclone  
  28  2:51  SCV  
  29  2:57  Marine  
  30  2:59  Orbital Command  
  30  3:03  SCV  
  30  3:09  Starport  
  30  3:15  SCV  
  31  3:20  Cyclone  
  31  3:21  Marine  
  31  3:26  SCV  
  36  3:27  SCV  
  36  3:31  Supply Depot  
  37  3:38  SCV  
  37  3:39  Marine, SCV  
  40  3:45  Starport Tech Lab  
  40  3:52  Cyclone  
  43  4:00  SCV x2  
  43  4:01  Marine  
  45  4:11  Orbital Command  
  45  4:12  SCV  
  46  4:19  Marine  
  46  4:22  Command Center  
  47  4:24  Raven  
  47  4:27  SCV  
  50  4:37  SCV  
  51  4:39  SCV  
  51  4:41  Factory Tech Lab, Barracks Reactor  
  51  4:48  Supply Depot  
  51  4:49  SCV  
  51  4:51  SCV  
  52  5:01  SCV  
  52  5:04  Supply Depot, SCV  
  52  5:05  Supply Depot  
  54  5:13  SCV  
  55  5:14  Banshee  
  55  5:16  SCV  
  55  5:18  Marine x2  
  61  5:25  Barracks  
  61  5:26  Siege Tank  
  64  5:30  Barracks  
  64  5:32  SCV x2  
  65  5:38  Orbital Command  
  65  5:40  Marine x2  
  67  5:44  SCV  
  67  5:45  SCV  
  67  5:49  Engineering Bay, Refinery x2  
  69  5:56  SCV  
  69  5:57  SCV  
  71  5:59  Marine x2  
  71  6:01  Barracks  
  71  6:02  Barracks  
  73  6:04  Siege Tank  
  73  6:09  SCV x2  
  78  6:11  Starport Reactor  
  78  6:16  Engineering Bay, Terran Infantry Weapons Level 1  
  78  6:19  Marine x2, Barracks Tech Lab  
  78  6:21  SCV  
  78  6:22  SCV  
  82  6:30  Marine  
  82  6:31  Stimpack  
  83  6:37  Marine x2  
  81  6:40  SCV  
  81  6:41  SCV  
  81  6:44  Marine  
  74  6:47  Marine  
  74  6:53  Marine x2, SCV x2  
  75  6:55  Marine x2  
  75  6:59  Siege Tank  
  75  7:02  Marine  
  75  7:05  SCV  
  76  7:14  Combat Shields  
  76  7:17  SCV x2  
  76  7:20  Marine x2  
  80  7:31  Siege Tank  
  80  7:32  Medivac  
  80  7:33  Marine x2  
  80  7:34  Marine x2  
  80  7:36  Supply Depot  
  89  7:37  Supply Depot, SCV  
  89  7:38  SCV  
  89  7:39  SCV  
  89  7:40  Marine  
  93  7:45  Supply Depot  
  93  7:52  Sensor Tower  
  93  7:54  Sensor Tower  
  93  7:57  Marine  
  93  7:58  Medivac  
  96  7:59  Supply Depot x2  
  96  8:01  Barracks Reactor  
  96  8:03  Barracks Reactor  
  96  8:07  SCV x2  
  96  8:10  Marine x3  
  101  8:15  Marine  
Tags
 
Add a new tag
Caveats
  • Supply blocks, unpowered buildings, or Contaminate may cause inaccurate times.
  • Supply counts are checked every 10 seconds.